 Dungeon Crawl Stone Soup version 0.19.5 (webtiles) character file.

55 lauthentik the Sneak (level 3, 0/36 HPs)
             Began as a Vampire Enchanter on Mar 28, 2017.
             Succumbed to an adder's poison
             ... on level 2 of the Dungeon.
             The game lasted 00:03:52 (939 turns).

lauthentik the Sneak (Vampire Enchanter)             Turns: 939, Time: 00:03:53

Health: 0/36       AC: 23    Str:  7    XL:     3   Next: 67%
Magic:  0/6        EV:  2    Int: 18    God:
Gold:   40         SH:  0    Dex: 14    Spells: 2 memorised, 3 levels left

rFire  . . .     SeeInvis +     a - +1 dagger
rCold  . . .     Gourm    .     (armour currently unavailable)
rNeg   + + +     Faith    .     (no shield)
rPois  +         Spirit   .     (helmet currently unavailable)
rElec  .         Reflect  .     (cloak currently unavailable)
rCorr  .         Harm     +     (gloves currently unavailable)
MR     .....     NoTele   +     (boots currently unavailable)
Stlth  +++.......               l - amulet of harm
                                m - +2 ring of evasion
                                k - +2 ring of protection

@: lethally poisoned (0 -> -4), tree-form, very slightly contaminated
A: (fangs 0), see invisible, (unbreathing)
a: Bat Form


You were on level 2 of the Dungeon.
You were not thirsty.
You were a tree.
You visited 1 branch of the dungeon, and saw 2 of its levels.

You collected 40 gold pieces.

Inventory:

Hand Weapons
 a - a +1 dagger (weapon)
Missiles
 e - 7 javelins (quivered)
Armour
 b - a +1 robe (melded)
Jewellery
 k - a +2 ring of protection (left branch)
 l - an amulet of harm (around neck)
 m - a +2 ring of evasion (right branch)
Scrolls
 f - 5 scrolls of identify {unknown}
 h - a scroll of remove curse {unknown}
 i - a scroll of fog {unknown}
 n - a scroll of teleportation {unknown}
Potions
 d - 3 potions of blood
 j - a potion of heal wounds {unknown}
Books
 c - a book of Maledictions

   Spells                             Type                      Level
   a - Corona                         Hexes                        1
   b - Ensorcelled Hibernation        Hexes/Ice                    2
   c - Confuse                        Hexes                        3
   d - Tukima's Dance                 Hexes                        3
   e - Dazzling Spray                 Conjuration/Hexes            3


   Skills:
 + Level 0.1 Fighting
 + Level 1.7 Short Blades
 + Level 0.1 Throwing
 + Level 2.2 Dodging
 + Level 5.3 Stealth
 + Level 2.4 Spellcasting
 + Level 5.2 Hexes


You had 3 spell levels left.
You knew the following spells:

 Your Spells              Type           Power        Failure   Level  Hunger
a - Ensorcelled Hibernat  Hex/Ice        ##....       12%         2    ##.....
b - Corona                Hex            ###....      1%          1    #......


Dungeon Overview and Level Annotations

Branches:
Dungeon (2/15)

Altars:

Annotations:
D:2 Robin


Innate Abilities, Weirdness & Mutations

((You have razor-sharp teeth.))
You have supernaturally acute eyesight. (SInv)
((You can survive without breathing.))


Message History

The adder closely misses you.
You hit the adder but do no damage.
The adder is almost dead.
You feel sick. The adder bites you.
You miss the adder.
Robin shouts!
Your bite misses the adder.
The adder is almost dead.
The adder closely misses you.
Robin says, "My goblins will feast on your bones."
The adder misses you.
You miss the adder.
The adder is almost dead.
You feel sick. The adder bites you.
* * * LOW HITPOINT WARNING * * *
You hit the adder.
You kill the adder!
It was a potion of lignification.
You turn into a tree.
Your +1 robe melds into your body.
Your roots penetrate the ground.
You die...

##..........#.####.
..........##........
######....#.........
#.................
##..g............
####.##.........
.... #)†#.......#.
#... ##.).......#
#.. ##.♣......# ..
#......†...... .
#...####..####
.....# #.... ..###
..... . .... ... ...


You could see Robin.

Vanquished Creatures
  2 adders (D:2)
  A giant cockroach (D:2)
  6 goblins (D:2)
  9 hobgoblins
  A kobold (D:2)
  A quokka (D:2)
  A ball python (D:1)
  5 bats
  3 frilled lizards (D:2)
  5 rats
34 creatures vanquished.

Notes
Turn   | Place    | Note
-------+----------+-------------------------------------------
     0 | D:1      | lauthentik the Vampire Enchanter began the quest for the Orb.
     0 | D:1      | Reached XP level 1. HP: 13/13 MP: 3/3
   294 | D:1      | Reached XP level 2. HP: 18/19 MP: 5/5
   338 | D:1      | Learned a level 2 spell: Ensorcelled Hibernation
   694 | D:2      | Noticed Robin
   754 | D:2      | Reached skill level 5 in Stealth
   754 | D:2      | Reached skill level 5 in Hexes
   811 | D:2      | Reached XP level 3. HP: 24/24 MP: 2/6
   937 | D:2      | HP: 1/24 [adder (6)]
   939 | D:2      | Succumbed to an adder's poison

Skill      XL: |  1  2 |
---------------+-------+-----
Stealth        | 5 |  5.3
Hexes          | 5 |  5.2
Fighting       | |  0.1
Short Blades   | |  1.7
Throwing       | |  0.1
Dodging        | |  2.2
Spellcasting   | |  2.4

Action                   || total
-------------------------++-------
Melee: Dagger            ||   112
       Bite              ||     8
Throw: Javelin           ||     2
 Cast: Corona            ||     7
       Ensorcelled Hiber ||    13
  Use: Potion            ||     1
 Stab: Sleeping          ||    13
  Eat: Corpse            ||     1
Armor: Robe              ||    41
Dodge: Dodged            ||   117
